 Dungeon Crawl Stone Soup version 0.29-a0-207-gf982a884d8 (webtiles) character file.

Game seed: 12719953902940461465

69 bande the Skirmisher (level 4, -3/29 HPs)
             Began as a Gargoyle Fighter on Feb 24, 2022.
             Slain by Sigmund
             ... wielding a +4 scythe of distortion
              (7 damage)
             ... on level 3 of the Dungeon.
             The game lasted 00:03:40 (2547 turns).

bande the Skirmisher (Gargoyle Fighter)             Turns: 2547, Time: 00:03:41

Health: -3/29      AC: 11    Str: 19    XL:     4   Next: 20%
Magic:  4/4        EV:  9    Int:  9    God:
Gold:   102        SH:  4    Dex: 11    Spells: 3/3 levels left

rFire   . . .      SeeInvis .   a - +1 war axe
rCold   . . .      Faith    .   c - +0 buckler
rNeg    + . .      Spirit   .   b - +0 scale mail
rPois   ∞          Reflect  .   (no helmet)
rElec   +          Harm     .   (no cloak)
rCorr   .          Rampage  .   m - +0 pair of gloves
Will    .....                   (no boots)
Stlth   ..........              (no amulet)
HPRegen 0.09/turn               (no ring)
MPRegen 0.09/turn               (no ring)

@: mighty
A: sickness immunity, AC +3, negative energy resistance 1, electricity
resistance, torment resistance 1, petrification resistance
a: no special abilities


You were on level 3 of the Dungeon.
You visited 1 branch of the dungeon, and saw 3 of its levels.

You collected 102 gold pieces.

Inventory:

Hand Weapons
 a - a +1 war axe (weapon)
Armour
 b - a +0 scale mail (worn)
 c - a +0 buckler (worn)
 m - a +0 pair of gloves (worn)
Jewellery
 i - a ring of ice
Potions
 e - 2 potions of haste {unknown}
 f - 2 potions of curing {unknown}
 g - a potion of invisibility {unknown}
 h - a potion of mutation {unknown}
 j - a potion of ambrosia {unknown}
 l - a potion of attraction {unknown}


   Skills:
 + Level 4.0 Fighting
 + Level 2.6 Axes
 + Level 3.8 Armour
 + Level 3.6 Shields


You had 3 spell levels left.
You didn't know any spells.
Your spell library contained the following spells:

 Spells                   Type           Power      Damage    Failure   Level
 Ensorcelled Hibernation  Hex/Ice        0%         N/A       93%         2
 Passwall                 Tmut/Erth      0%         N/A       93%         2
 Gell's Gravitas          Tloc           0%         N/A       99%         3
 Swiftness                Air            0%         N/A       99%         3
 Teleport Other           Tloc           0%         N/A       99%         3
 Airstrike                Air            0%         N/A       100%        4
 Summon Lightning Spire   Summ/Air       0%         N/A       100%        4
 Lightning Bolt           Conj/Air       0%         1d11      100%        5
 Dispersal                Tloc           0%         N/A       100%        6


Dungeon Overview and Level Annotations

Branches:
Dungeon (3/15)

Altars:

Shops:
D:2 [

Annotations:
D:3 Sigmund


Innate Abilities, Weirdness & Mutations

You are immune to sickness and miasma.
Your stone body is resilient. (AC +3)
You are immune to poison.
You resist negative energy. (rN+)
You are resistant to electric shocks. (rElec)
You are resistant to unholy torment.
You are immune to petrification.


Message History

Things that are here:
a +0 whip; a +0 leather armour
There is a stone staircase leading down here.
An orc zombie and Sigmund come into view.
Sigmund is wielding a +4 scythe of distortion and wearing a +2 robe of willpower.
Sigmund shouts!
The orc zombie hits you.
You slash the orc zombie!
You destroy the orc zombie!
A goblin zombie comes into view.
You feel very mighty all of a sudden. Sigmund casts a spell at you.
The puff of flame hits you!
A hobgoblin zombie comes into view.
Sigmund hits you but does no damage. Space warps horribly around you!
You hit Sigmund.
Sigmund is lightly wounded.
You slash the goblin zombie!
You destroy the goblin zombie!
Sigmund gestures wildly while chanting.
Sigmund flickers and vanishes!
Deactivating autopickup; reactivate with Ctrl-A.
You closely miss something. Something hits you but does no damage.
You blink.
Things that are here:
a +0 dagger; a +0 ring mail; an orc corpse You are confused.
Items here: )) [ †.
You bump into the rock wall.
You bump into the rock wall.
Something tries to affect you, but you resist.
Items here: )) [ †.
You feel less confused.
Things that are here:
a +0 dagger; a +0 ring mail; an orc corpse Something hits you but does no damage.
Space warps horribly around you!
* * * LOW HITPOINT WARNING * * *
Things that are here:
a +0 whip; a +0 leather armour You miss something.
Something hits you!
You die...

........# .........##......#
......# ........##.####..
..#..# ........##.####.# .
#...# #.#...#......##.# ...
#.{####.#...#.##.#.##.#
.Z...#...#.#.#...#.##.#.##.#
+....#.#<....#.##.#.##.#
##..+.{####.##.##.#.##.#
.....##.@.)#.....#.#....#
####..##.##)#######.######
#..##.##.# #.#
...##.##.#######.#
.......##....[..(.#
##.....############ ...#
.#.. .....


There were no monsters in sight!

Vanquished Creatures
  An adder (D:2)
  A dart slug (D:2)
  4 orcs (D:3)
  5 endoplasms
  3 giant cockroaches
  6 goblins
  7 hobgoblins
  4 quokkas
  3 ball pythons (D:1)
  A bat (D:2)
  A frilled lizard (D:1)
  A goblin zombie (D:3)
  6 kobolds
  An orc zombie (D:3)
  6 rats
50 creatures vanquished.

Notes
Turn   | Place    | Note
-------+----------+-------------------------------------------
     0 | D:1      | bande the Gargoyle Fighter began the quest for the Orb.
     0 | D:1      | Reached XP level 1. HP: 14/14 MP: 1/1
   158 | D:1      | Reached XP level 2. HP: 18/19 MP: 2/2
   540 | D:1      | Reached XP level 3. HP: 18/24 MP: 3/3
  1438 | D:2      | Reached skill level 4 in Fighting
  1956 | D:2      | Found Fudgho's Armour Shoppe.
  2214 | D:2      | Reached XP level 4. HP: 25/29 MP: 4/4
  2531 | D:3      | Noticed Sigmund
  2547 | D:3      | Slain by Sigmund

Illustrated notes

Levels and vault maps discovered:
D:1:      eino_arrival_water_star, layout_loops_corners, minmay_tetromino_i4
D:2:      layout_basic, serial_shops, nicolae_shop_crystal
D:3:      layout_basic, nicolae_tso_besieged_by_evil,
          lemuel_coloured_pillars_altar, mainiacjoe_overflow_paths,
          fedhas_ov_isle_minmay, hellmonk_ecumenical_altar_inner_sanctum,
          uniq_sigmund

Skill      XL: |  1  2  3 |
---------------+----------+-----
Axes           | 2 |  2.6
Fighting       | 4 |  4.0
Armour         | |  3.8
Shields        | |  3.6

Action                   |  1- 3 |  4- 6 || total
-------------------------+-------+-------++-------
Melee: War axe           |   109 |    11 ||   120
  Use: Scroll            |     6 |       ||     6
       Potion            |       |     1 ||     1
Armor: Scale mail        |    47 |     6 ||    53
Dodge: Dodged            |    44 |       ||    44
Block: Buckler           |    23 |       ||    23

Table legend: (Time is in decaauts)
 A = Elapsed time spent in this place.
 B = Non-inter-level travel time spent in this place.
 C = Inter-level travel time spent in this place.
 D = Time resting spent in this place.
 E = Time spent auto-exploring this place.
 F = Levels seen in this place.
 G = Mean time per level.
                   A        B        C        D        E       F      G
               +--------+--------+--------+--------+--------+-----+--------+
         Total |   2600 |   2437 |    163 |      0 |   2065 |   3 |  866.7 |
       Dungeon |   2600 |   2437 |    163 |      0 |   2065 |   3 |  866.7 |
               +--------+--------+--------+--------+--------+-----+--------+

Top non-repeatable levels by time:
     D:2: 1293 daAuts
     D:1: 1174 daAuts
     D:3: 132 daAuts
